 Seeded DCSS version 0.27.1-34-g3ba077fa99 (webtiles) character file.

Game seed: 8840528127268114696 (custom seed)

0 voltaire321 the Cudgeller (level 1, -1/16 HPs)
             Began as a Demonspawn Gladiator on Jan 19, 2022.
             Slain by a goblin (2 damage)
             ... on level 1 of the Dungeon.
             The game lasted 00:01:02 (88 turns).

voltaire321 the Cudgeller (Demonspawn Gladiator)      Turns: 88, Time: 00:01:03

Health: -1/16      AC:  4    Str: 14    XL:     1   Next: 8%
Magic:  1/1        EV: 12    Int:  9    God:
Gold:   3          SH:  0    Dex: 14    Spells: 0/0 levels left

rFire    . . .     SeeInvis .   a - +0 flail
rCold    . . .     Faith    .   (no shield)
rNeg     . . .     Spirit   .   b - +0 leather armour
rPois    .         Reflect  .   c - +0 helmet
rElec    .         Harm     .   (no cloak)
rCorr    .         Rampage  .   (no gloves)
Will     .....                  (no boots)
Stlth    +.........             (no amulet)
HPRegen  0.05/turn              (no ring)
MPRegen  0.07/turn              (no ring)

@: studying Shields
A: no striking features
a: no special abilities


You were on level 1 of the Dungeon.
You visited 1 branch of the dungeon, and saw 1 of its levels.

You collected 3 gold pieces.

Inventory:

Hand Weapons
 a - a +0 flail (weapon)
Missiles
 d - 3 throwing nets (quivered)
Armour
 b - a +0 leather armour (worn)
 c - a +0 helmet (worn)
 g - a +1 ring mail of willpower
Jewellery
 e - the ring of Horiateg {rPois rC+}
   (You acquired it on level 1 of the Dungeon)

   [ring of protection from cold]

   rC:        It protects you from cold.
   rPois:     It protects you from poison.
 f - a +6 ring of intelligence


   Skills:
 + Level 2.0 Fighting
 + Level 2.7 Maces & Flails
 - Level 1.7 Throwing
 + Level 2.7 Dodging


You couldn't memorise any spells.
You didn't know any spells.
Your spell library was empty.

Dungeon Overview and Level Annotations

Branches:
Dungeon (1/15)

Altars:


Message History

You see here a +1 ring mail of willpower.
g - a +1 ring mail of willpower
Found a robe.
Found a shiny iron ring.
A kobold comes into view. It is wielding a +0 short sword.
The kobold shouts!
A kobold is nearby!
A bat comes into view.
The kobold hits you with a +0 short sword.
You hit the kobold.
The kobold is severely wounded.
The kobold barely misses you. The bat hits you but does no damage.
The bat hits you but does no damage. The bat completely misses you.
The kobold hits you but does no damage. The bat barely misses you.
The kobold hits you but does no damage. The kobold closely misses you.
The bat hits you. The bat hits you but does no damage.
The bat closely misses you.
A goblin comes into view. It is wielding a +0 club.
The bat closely misses you. The bat hits you but does no damage.
The goblin shouts!
The bat closely misses you. The kobold closely misses you.
The kobold closely misses you.
The kobold hits you with a +0 short sword.
The bat hits you. The goblin hits you with a +0 club. The kobold misses you.
The goblin misses you.
The kobold hits you with a +0 short sword.
The bat barely misses you. The bat barely misses you.
The goblin hits you but does no damage.
The kobold hits you with a +0 short sword.
* * * LOW HITPOINT WARNING * * *
The goblin hits you with a +0 club.
* * * LOW HITPOINT WARNING * * *
The kobold hits you with a +0 short sword.
* * * LOW HITPOINT WARNING * * *
The bat barely misses you. The bat hits you but does no damage.
The goblin completely misses you. The kobold closely misses you.
The bat hits you but does no damage. The goblin hits you with a +0 club.
You die...

.#.###......###.......#
.#.# ...............#
...# ###.###.#######
#### ##.#....[....# .
#......#.#.#.#
#....###.#.#
.#.#....##....
........##..#.#
......#.##@.#.#
#........bKg..#
..##=.#....##.#
.......###.# # ###...
#....# ....# #.####
..... ..# ....# ...
.### ..##


You could see a goblin, a bat and a kobold.

Vanquished Creatures
  A ball python (D:1)
1 creature vanquished.

Notes
Turn   | Place    | Note
-------+----------+-------------------------------------------
     0 | D:1      | voltaire321 the Demonspawn Gladiator began the quest for
                  | the Orb.
     0 | D:1      | Reached XP level 1. HP: 16/16 MP: 1/1
    19 | D:1      | Identified 3 scrolls of acquirement
    19 | D:1      | Acquired the ring of Horiateg {rPois rC+}
    20 | D:1      | Acquired a manual of Shields
    21 | D:1      | Acquired a +1 ring mail of willpower
    88 | D:1      | Slain by a goblin

Illustrated notes

Levels and vault maps discovered:
D:1:      minmay_arrival_semitransparent, layout_basic

Action                   || total
-------------------------++-------
Melee: Flail             ||     2
  Use: Scroll            ||     3
Armor: Leather armour    ||     9
Dodge: Dodged            ||    16
